 Dungeon Crawl Stone Soup version 0.31-a0-1300-gb6740aa4e6 (webtiles) character file.

Game seed: 8018214043561645488

26 Iich the Trooper (level 2, -4/24 HPs)
             Began as a Demonspawn Fighter on Dec 18, 2023.
             Slain by a +6 spectral club (6 damage)
             ... created by Robin
             ... on level 2 of the Dungeon.
             The game lasted 00:01:22 (850 turns).

Iich the Trooper (Demonspawn Fighter)                Turns: 850, Time: 00:01:23

Health: -4/24      AC:  6    Str: 16    XL:     2   Next: 89%
Magic:  2/2        EV: 14    Int:  8    God:
Gold:   40         SH:  4    Dex: 12    Spells: 1/1 levels left

rFire   . . .        a - +0 war axe
rCold   . . .        c - +0 buckler
rNeg    . . .        b - +0 scale mail
rPois   .            (no helmet)
rElec   .            (no cloak)
rCorr   .            (no gloves)
SInv    .            (no boots)
Will    .....        (no amulet) Stlth
                     f - +5 ring of evasion
HPRegen 0.24/turn    (no ring)
MPRegen 0.08/turn

%: no passive effects
@: mighty
A: powered by pain 1
a: no special abilities


You were on level 2 of the Dungeon.
You visited 1 branch of the dungeon, and saw 2 of its levels.

You collected 40 gold pieces.

Inventory:

Hand Weapons
 a - a +0 war axe (weapon)
Armour
 b - a +0 scale mail (worn)
 c - a +0 buckler (worn)
Jewellery
 f - a +5 ring of evasion (left hand)
Scrolls
 g - a scroll of fog
 h - a scroll of poison {unknown}
Potions
 e - a potion of curing {unknown}


   Skills:
 + Level 3.3 Fighting
 * Level 2.5 Axes
 - Level 2.6 Armour
 + Level 1.0 Dodging
 - Level 2.6 Shields


You had one spell level left.
You didn't know any spells.
Your spell library contained the following spells:

 Spells                   Type           Power      Damage    Failure   Level
 Scorch                   Fire           0%         2d5       97%         2
 Flame Wave               Conj/Fire      0%         2d4       100%        4
 Summon Cactus Giant      Summ           0%         N/A       100%        6


Dungeon Overview and Level Annotations

Branches:
Dungeon (2/15)

Altars:

Shops:
D:1 (

Annotations:
D:2 Robin


Innate Abilities, Weirdness & Mutations

You sometimes gain a little power by taking damage.


Message History

The hobgoblin is severely wounded.
The hobgoblin hits you.
You take 2 damage, and have 22/24 hp.
You slash the hobgoblin!
You kill the hobgoblin!
No target in view!
What are your orders? t - Shout!
Orders for allies: a - Attack new target. r - Retreat! s - Stop attacking. g - Guard the area. f - Follow me.
Anything else - Cancel.
You shout for attention!
You hear a shout!
You start resting.
HP restored.
Health restored: 24 You start waiting.
Robin of the Strong Arm comes into view.
They are wielding a +6 spectral club.
Robin shouts!
You hear a shout! x4
Robin hits you but does no damage. The +6 spectral club barely misses you.
A +6 spectral club comes into view.
Things that are here:
a +0 dagger; a hobgoblin corpse You hit Robin.
Robin is moderately wounded.
You closely miss the +6 spectral club. Robin hits you with a +6 spectral club.
The +6 spectral club hits you.
* * * LOW HITPOINT WARNING * * *
You take 9 damage, and have 15/24 hp. !!!!--MASSIVE DAMAGE--!!!!
You are too injured to fight recklessly!
You are too injured to fight recklessly!
Unknown command.
You feel very mighty all of a sudden. The +6 spectral club hits you!
Ouch! That really hurt!
* * * LOW HITPOINT WARNING * * *
You focus on the pain.
You feel mightier all of a sudden. The +6 spectral club hits you.
You die...

# # ### ## ### ... .# #..
# .#.# # ##g# ###########
#
#.######(@###.........####
#.........†...#######.....
########.###### ###### #.#
#.# #.# ..# ###


You could see a +6 spectral club and Robin.

Vanquished Creatures
  An adder (D:2)
  A bat (D:1)
  3 giant cockroaches
  A goblin (D:2)
  2 hobgoblins
  2 jackals (D:1)
  A kobold (D:1)
  A quokka (D:1)
  A ball python (D:1)
  A frilled lizard (D:2)
  A rat (D:1)
15 creatures vanquished.

Notes
Turn   | Place    | Note
-------+----------+-------------------------------------------
     0 | D:1      | Iich the Demonspawn Fighter began the quest for the Orb.
     0 | D:1      | Reached XP level 1. HP: 18/18 MP: 1/1
    15 | D:1      | Found a faded altar of an unknown god.
   172 | D:1      | Gained mutation: You sometimes gain a little power by
                  | taking damage. [demonic ancestry]
   172 | D:1      | Reached XP level 2. HP: 24/24 MP: 2/2
   218 | D:1      | Found Kidius's Antique Weapon Shoppe.
   712 | D:2      | Reached skill level 1 in Dodging
   847 | D:2      | Noticed Robin
   850 | D:2      | Slain by a +6 spectral club

Illustrated notes

Levels and vault maps discovered:
D:1:      amcnicky_arrival_blooded_trapdoor, layout_basic,
          basic_ecumenical_altar, serial_shops, nicolae_lakefront_shop
D:2:      layout_loops_ring, uniq_sigmund, uniq_robin

Skill      XL: |  1  2 |
---------------+-------+-----
Axes           | 2 |  2.5
Dodging        | 1 |  1.0
Fighting       | |  3.3
Armour         | |  2.6
Shields        | |  2.6

Action                     || total
---------------------------++-------
  Melee: War axe           ||    43
    Use: Scroll            ||     2
         Potion            ||     1
 Armour: Scale mail        ||    24
  Dodge: Dodged            ||    28
  Block: Buckler           ||    10

Table legend: (Time is in decaauts)
 A = Elapsed time spent in this place.
 B = Non-inter-level travel time spent in this place.
 C = Inter-level travel time spent in this place.
 D = Time resting spent in this place.
 E = Time spent auto-exploring this place.
 F = Levels seen in this place.
 G = Mean time per level.
                   A        B        C        D        E       F      G
               +--------+--------+--------+--------+--------+-----+--------+
         Total |    867 |    860 |      7 |    185 |    514 |   2 |  433.5 |
       Dungeon |    867 |    860 |      7 |    185 |    514 |   2 |  433.5 |
               +--------+--------+--------+--------+--------+-----+--------+

Top non-repeatable levels by time:
     D:1: 611 daAuts
     D:2: 256 daAuts
